 Dungeon Crawl Stone Soup version 0.31-a0-705-ga145531891 (webtiles) character file.

Game seed: 12908093121651921344

47750 qw the Marksgargoyle (level 14, -25/92 HPs)
             Began as a Gargoyle Hunter on Sept 9, 2023.
             Was an Elder of Okawaru.
             Annihilated by Rupert
             ... wielding a +2 great mace of draining
              (34 damage)
             ... on level 12 of the Dungeon.
             The game lasted 00:08:24 (16384 turns).

qw the Marksgargoyle (Gargoyle Hunter)             Turns: 16384, Time: 00:08:24

Health: -25/92     AC: 23    Str: 15    XL:     14   Next: 43%
Magic:  20/21      EV: 27    Int: 11    God:    Okawaru [****..]
Gold:   935        SH:  0    Dex: 23    Spells: 13/13 levels left

rFire   + . .        Y - +0 hand cannon
rCold   . . .        (no shield)
rNeg    + . .        q - +2 leather armour {rF+}
rPois   inf          (no helmet)
rElec   +            g - +2 cloak {Stlth+}
rCorr   .            (no gloves)
SInv    .            c - +2 pair of boots
Will    +....        e - amulet of the acrobat
Stlth   ++++         f - +6 ring of dexterity
HPRegen 0.35/turn    n - +5 ring of evasion
MPRegen 0.17/turn

%: acrobat
@: about to teleport, heroic, flying
A: sickness immunity, AC +10, big wings, negative energy resistance 1,
electricity resistance, torment resistance 1, petrification resistance
a: Renounce Religion, Heroism, Finesse


You were on level 12 of the Dungeon.
You worshipped Okawaru.
Okawaru was greatly pleased with you.
You visited 2 branches of the dungeon, and saw 17 of its levels.

You collected 1154 gold pieces.
You spent 219 gold pieces at shops.


Innate Abilities, Weirdness & Mutations

You are immune to sickness and miasma.
Your stone body is resilient. (AC +10)
You are immune to poison.
Your large and strong wings let you fly.
You resist negative energy. (rN+)
You are resistant to electric shocks. (rElec)
You are resistant to unholy torment.
You are immune to petrification.


   Skills:
 - Level 12.0(17.0) Fighting
 + Level 18.2(23.2) Ranged Weapons
 - Level 4.1(9.1) Armour
 - Level 8.0(13.0) Dodging
 - Level 1.1(6.1) Stealth
 - Level 10.0 Invocations


You had 13 spell levels left.
You didn't know any spells.
Your spell library was empty.

Inventory:

Hand Weapons
 Y - a +0 hand cannon (weapon)
Armour
 c - a +2 pair of boots (worn)
 g - a +2 cloak of stealth (worn)
 m - a +0 troll leather armour
 q - a +2 leather armour of fire resistance (worn)
Jewellery
 a - a ring of protection from fire
 e - an amulet of the acrobat (around neck)
 f - a +6 ring of dexterity (left hand)
 n - a +5 ring of evasion (right hand)
Wands
 d - a wand of digging (3)
Scrolls
 i - 9 scrolls of identify
 o - a scroll of enchant armour
Potions
 b - 9 potions of curing
 h - 5 potions of resistance
 j - 3 potions of mutation
 k - 3 potions of might
 p - a potion of heal wounds
 r - 6 potions of enlightenment

Dungeon Overview and Level Annotations

Branches:
Dungeon (12/15)            Temple (0/1) D:7            Lair (5/5) D:9
  Swamp (0/4) Lair:2        Snake (0/4) Lair:3        Slime (0/5) Lair:4
    Orc (0/2) D:11

Altars:
Dithmenos
Gozag
Nemelex Xobeh
Okawaru
Sif Muna
Trog
Uskayaw
Wu Jian
Xom
Yredelemnul
Lugonu

Shops:
D:3 :   D:5 ?

Portals:
Abyss: Lair:5

Annotations:
D:6 1 runed translucent door, qw's ghost, novice GrHu
D:9 2 transporters
D:11 1 runed translucent door, exclusions: 4 hell hounds, 3 hell knights and necromancer, qw's ghost, journeyman GrHu
D:12 Rupert
Lair:2 2 transporters, qw's ghost, journeyman GrHu


Message History

The sun demon is moderately wounded.
The sun demon hits you but does no damage.
The ufetubus misses you.
The ufetubus hits you but does no damage.
You shoot a bolt. The bolt hits the sun demon.
The sun demon is heavily wounded.
The sun demon completely misses you. The ufetubus misses you.
The ufetubus hits you but does no damage.
The iron imp hits you but does no damage.
Rupert roars madly and goes into a rage!
Rupert goes berserk!
The kobold demonologist begins to cast a cantrip, but forgets the words!
The sun demon hits you.
You are engulfed in flames!
You resist. The ufetubus closely misses you. The ufetubus misses you.
You shoot a bolt. The bolt barely misses the sun demon.
The bolt hits the kobold demonologist!
The kobold demonologist is moderately wounded.
Rupert rages.
The ufetubus hits you.
The ufetubus hits you but does no damage.
The sun demon misses you.
You shoot a bolt. The bolt hits the sun demon!
The sun demon is severely wounded.
The ufetubus misses you. The ufetubus closely misses you.
The sun demon completely misses you. Rupert completely misses you.
The kobold demonologist casts a spell.
You shoot a bolt. The bolt hits the sun demon!
The sun demon is almost dead.
Rupert completely misses you. The sun demon hits you!!
You are engulfed in flames!
You resist. The smoke demon gestures at you. Something smites you!
16384 ||| READING scroll of teleportation.
As you read the scroll of teleportation, it crumbles to dust.
You feel strangely unstable. Rupert completely misses you.
The sun demon completely misses you. The kobold brigand barely misses you.
Rupert hits you with a +2 great mace of draining!!
You die...
Rupert roars with triumph.

#......# ....
##..#..5###....
.#........#.....
................
................
........K..(....
......K553......
.....KK3@K##....
......##@## ...
...... ### .
....# .... ...
..


You could see Rupert (berserk), a sun demon (summoned), a kobold demonologist, a
smoke demon (summoned), a kobold brigand, an iron imp (summoned), a crimson imp
(summoned, wandering), an ufetubus (summoned) and 3 kobolds.

Vanquished Creatures
  A hydra (Lair:4)
  3 catoblepae
  2 thrashing horrors (Lair:5)
  3 skysharks
  2 hell knights (D:11)
  3 large abominations (Lair:5)
  2 ugly things (Lair:5)
  A manticore (D:9)
  2 cyclopes (D:11)
  15 elephants
  3 black mambas
  A guardian serpent (Lair:3)
  2 smoke demons (Lair:5)
  Maurice (D:9)
  12 cane toads
  Joseph (D:8)
  A gargoyle (D:11)
  8 rime drakes
  9 komodo dragons
  3 trolls
  3 raiju (Lair:5)
  24 blink frogs
  7 dream sheep (Lair:5)
  6 small abominations (Lair:5)
  A shadow (D:12)
  2 ynoxinuls (Lair:5)
  2 spriggans (Lair:5)
  33 yaks
  A human (shapeshifter) (Lair:5)
  3 steam dragons
  4 wyverns
  6 basilisks
  2 wraiths
  A hog (shapeshifter) (Lair:5)
  4 vampire mosquitoes (D:8)
  An acid dragon (D:10)
  13 water moccasins
  4 hell hounds (D:11)
  4 orc warriors
  2 black bears
  2 sky beasts
  3 ice beasts
  3 wolves (Lair:1)
  A phantom (D:7)
  3 kobold brigands
  13 bullfrogs
  3 gnoll sergeants
  4 scorpions
  6 wights (D:9)
  10 killer bees (D:9)
  8 electric eels
  A howler monkey (D:7)
  5 hounds
  3 jellies (D:6)
  4 gnoll boudas
  5 orc priests
  5 iguanas
  10 orc wizards
  A sleepcap (D:6)
  7 hell rats (Lair:3)
  A mummy (D:8)
  22 gnolls
  An adder (D:5)
  2 shadow imps
  2 ufetubi (D:6)
  A worm (D:2)
  2 dart slugs
  45 orcs
  4 endoplasms
  3 giant cockroaches
  7 goblins
  8 hobgoblins
  17 kobolds
  A quokka (D:4)
  5 ball pythons
  7 bats
  4 frilled lizards
  2 hobgoblin zombies (D:8)
  A kobold zombie (D:8)
  An orc zombie (D:8)
  3 rats
434 creatures vanquished.

Vanquished Creatures (others)
  A small abomination (Lair:5)
1 creature vanquished.

Grand Total: 435 creatures vanquished

Notes
Turn   | Place    | Note
-------+----------+-------------------------------------------
     0 | D:1      | qw the Gargoyle Hunter began the quest for the Orb.
     0 | D:1      | Reached XP level 1. HP: 12/12 MP: 1/1
     0 | D:1      | 0 ||| qw: Version: 0.3-a-80-g2c16395
     0 | D:1      | 0 ||| qw: Game counter: 1312
     0 | D:1      | 0 ||| qw: Melee chars always use a shield: true
     0 | D:1      | 0 ||| qw: God list: Okawaru
     0 | D:1      | 0 ||| qw: Allow faded altars: false
     0 | D:1      | 0 ||| qw: Do Orc after clearing Dungeon:15 true
     0 | D:1      | 0 ||| qw: Do second Lair branch before Depths: true
     0 | D:1      | 0 ||| qw: Lair rune preference: random
     0 | D:1      | 0 ||| qw: Goals: Normal
     0 | D:1      | 0 ||| PLANNING D:1-11
   326 | D:1      | Reached XP level 2. HP: 17/17 MP: 2/2
   632 | D:1      | 632 ||| UPGRADING to +0 ring mail.
   642 | D:1      | 642 ||| DROPPING +0 leather armour.
   643 | D:1      | 643 ||| UPGRADING to amulet of the acrobat.
   648 | D:1      | 648 ||| UPGRADING to +6 ring of dexterity.
   649 | D:1      | 649 ||| READING 3 scrolls labelled ICOTHI QANAA.
   654 | D:1      | 654 ||| READING scroll labelled GODITY BABEHI.
   655 | D:1      | 655 ||| DRINKING 2 red potions.
   656 | D:1      | 656 ||| DROPPING scroll of butterflies.
   804 | D:2      | Reached skill level 1 in Armour
   994 | D:2      | Reached XP level 3. HP: 21/21 MP: 3/3
  1108 | D:2      | Reached skill level 5 in Ranged Weapons
  1110 | D:2      | Reached skill level 3 in Fighting
  1110 | D:2      | Reached XP level 4. HP: 28/28 MP: 4/4
  1284 | D:2      | 1284 ||| UPGRADING to +0 pair of boots.
  1295 | D:2      | 1295 ||| UPGRADING to +2 pair of boots.
  1305 | D:2      | 1305 ||| DROPPING +0 pair of boots.
  1434 | D:2      | 1434 ||| READING scroll labelled EHETAN KOMO.
  1439 | D:3      | 1439 ||| STAIRDANCE
  1460 | D:3      | 1460 ||| STAIRDANCE
  1544 | D:3      | Noticed a scorpion
  1555 | D:3      | Killed a scorpion
  1556 | D:3      | Reached skill level 6 in Ranged Weapons
  1556 | D:3      | Reached XP level 5. HP: 30/32 MP: 5/5
  1574 | D:3      | 1574 ||| Stepping ~*~*~tactically~*~*~ (retreating).
  1576 | D:3      | 1576 ||| Stepping ~*~*~tactically~*~*~ (retreating).
  1577 | D:3      | 1577 ||| Stepping ~*~*~tactically~*~*~ (retreating).
  1578 | D:3      | 1578 ||| Stepping ~*~*~tactically~*~*~ (retreating).
  1579 | D:3      | 1579 ||| Stepping ~*~*~tactically~*~*~ (retreating).
  1580 | D:3      | 1580 ||| Stepping ~*~*~tactically~*~*~ (retreating).
  1581 | D:3      | 1581 ||| Stepping ~*~*~tactically~*~*~ (retreating).
  1583 | D:3      | 1583 ||| Stepping ~*~*~tactically~*~*~ (retreating).
  1585 | D:3      | HP: 3/32 [gnoll sergeant/+0 spear (7)]
  1586 | D:3      | 1586 ||| READING 3 scrolls of teleportation.
  1587 | D:3      | 1587 ||| DRINKING 2 potions of heal wounds.
  1591 | D:3      | 1591 ||| FLEEEEING.
  1592 | D:3      | 1592 ||| FLEEEEING.
  1593 | D:3      | 1593 ||| STAIRDANCE
  1638 | D:2      | 1638 ||| DRINKING 3 golden potions.
  1641 | D:3      | 1641 ||| STAIRDANCE
  1647 | D:3      | 1647 ||| STAIRDANCE
  1656 | D:3      | 1656 ||| STAIRDANCE
  1666 | D:3      | 1666 ||| STAIRDANCE
  1754 | D:3      | 1754 ||| Stepping ~*~*~tactically~*~*~ (retreating).
  1755 | D:3      | 1755 ||| Stepping ~*~*~tactically~*~*~ (retreating).
  1756 | D:3      | 1756 ||| Stepping ~*~*~tactically~*~*~ (retreating).
  1757 | D:3      | 1757 ||| Stepping ~*~*~tactically~*~*~ (retreating).
  1758 | D:3      | 1758 ||| Stepping ~*~*~tactically~*~*~ (retreating).
  1759 | D:3      | 1759 ||| Stepping ~*~*~tactically~*~*~ (retreating).
  1768 | D:3      | HP: 6/33 [gnoll sergeant/+0 spear (9)]
  1769 | D:3      | 1769 ||| READING 2 scrolls of teleportation.
  1770 | D:3      | 1770 ||| DRINKING potion of heal wounds.
  1845 | D:3      | Reached XP level 6. HP: 38/38 MP: 6/6
  1974 | D:3      | Found Qarphiaf's Book Shop.
  2054 | D:3      | Found a hide-covered altar of Uskayaw.
  2054 | D:3      | Found a sparkling altar of Nemelex Xobeh.
  2055 | D:3      | Found a shimmering altar of Xom.
  2057 | D:3      | Found an ornate altar of the Wu Jian Council.
  2059 | D:3      | Found an iron altar of Okawaru.
  2060 | D:3      | 2060 ||| PLANNING OKAWARU WORSHIP
  2060 | D:3      | 2060 ||| READING scroll labelled WECWAI IHIY.
  2061 | D:3      | 2061 ||| DRINKING 2 metallic puce potions.
  2066 | D:3      | Became a worshipper of Warmaster Okawaru
  2067 | D:3      | 2067 ||| PLANNING D:1-11
  2246 | D:4      | Reached skill level 7 in Ranged Weapons
  2423 | D:4      | 2423 ||| READING scroll labelled NEJARI QAREOCK.
  2424 | D:4      | 2424 ||| DRINKING 2 pink potions.
  2425 | D:4      | 2425 ||| DROPPING potion of brilliance.
  2448 | D:5      | Entered Level 5 of the Dungeon
  2618 | D:5      | Found Qiethr Itaih's Magic Scroll Boutique.
  2623 | D:5      | 2623 ||| BUYING scroll of enchant weapon (82 gold).
  2623 | D:5      | Bought a scroll of enchant weapon for 82 gold pieces
  2623 | D:5      | 2623 ||| BUYING scroll of enchant weapon (82 gold).
  2623 | D:5      | Bought a scroll of enchant weapon for 82 gold pieces
  2623 | D:5      | 2623 ||| BUYING scroll of identify (22 gold).
  2623 | D:5      | Bought a scroll of identify for 22 gold pieces
  2623 | D:5      | 2623 ||| BUYING scroll of teleportation (33 gold).
  2623 | D:5      | Bought a scroll of teleportation for 33 gold pieces
  2623 | D:5      | 2623 ||| SHOPLISTING scroll of teleportation (33 gold, have
                  | 26).
  2623 | D:5      | 2623 ||| READING 2 scrolls of enchant weapon.
  2623 | D:5      | 2623 ||| ENCHANTING +1 shortbow.
  2624 | D:5      | 2624 ||| READING scroll of enchant weapon.
  2624 | D:5      | 2624 ||| ENCHANTING +2 shortbow.
  2708 | D:5      | Reached XP level 7. HP: 39/43 MP: 7/7
  2783 | D:5      | 2783 ||| FLEEEEING.
  2784 | D:5      | 2784 ||| FLEEEEING.
  2785 | D:5      | 2785 ||| FLEEEEING.
  2858 | D:5      | Reached skill level 8 in Ranged Weapons
  3229 | D:5      | Reached * piety under Okawaru
  3510 | D:5      | 3510 ||| READING scroll labelled RINEOTH UZYTU.
  3511 | D:5      | 3511 ||| READING scroll labelled UROESO MUABOPE.
  3512 | D:5      | 3512 ||| READING scroll labelled ONIGEF CYDE.
  3513 | D:5      | 3513 ||| READING 2 scrolls of identify.
  3513 | D:5      | 3513 ||| IDENTIFYING viscous inky potion
  3514 | D:5      | 3514 ||| DROPPING potion of berserk rage.
  3566 | D:6      | 3566 ||| INVOKING Heroism.
  3759 | D:6      | 3759 ||| RETREATING.
  3802 | D:6      | 3802 ||| INVOKING Heroism.
  3846 | D:6      | Reached XP level 8. HP: 43/49 MP: 8/8
  3876 | D:6      | Found a runed translucent door.
  3881 | D:6      | Noticed qw's ghost (novice GrHu)
  3894 | D:6      | 3894 ||| INVOKING Heroism.
  3923 | D:6      | HP: 10/49 [steam dragon/ball of steam (19)]
  3924 | D:6      | 3924 ||| READING 2 scrolls of teleportation.
  4124 | D:6      | 4124 ||| INVOKING Heroism.
  4133 | D:6      | Reached skill level 1 in Invocations
  4136 | D:6      | Reached skill level 9 in Ranged Weapons
  4338 | D:6      | 4338 ||| INVOKING Heroism.
  4354 | D:6      | 4354 ||| INVOKING Heroism.
  4360 | D:6      | Reached skill level 6 in Fighting
  4360 | D:6      | Reached skill level 3 in Invocations
  4360 | D:6      | 4360 ||| Stepping ~*~*~tactically~*~*~ (cloud).
  4444 | D:6      | Identified the staff of Darkness {rF+++ MP-9 Str-4 Int+2
                  | Stlth+ Earth}
  4646 | D:6      | 4646 ||| READING scroll labelled FADGHEOSSIA.
  4647 | D:6      | 4647 ||| READING 3 scrolls of identify.
  4647 | D:6      | 4647 ||| IDENTIFYING dark potion
  4648 | D:6      | 4648 ||| READING 2 scrolls of identify.
  4648 | D:6      | 4648 ||| IDENTIFYING glowing inky potion
  4649 | D:6      | 4649 ||| DROPPING potion of degeneration.
  4676 | D:7      | 4676 ||| INVOKING Heroism.
  4850 | D:7      | Reached XP level 9. HP: 55/55 MP: 12/12
  4895 | D:7      | 4895 ||| INVOKING Heroism.
  4910 | D:7      | Reached skill level 3 in Dodging
  4919 | D:7      | Reached ** piety under Okawaru
  4939 | D:7      | Found a staircase to the Ecumenical Temple.
  4999 | D:7      | 4999 ||| INVOKING Heroism.
  5008 | D:7      | Reached skill level 10 in Ranged Weapons
  5356 | D:7      | 5356 ||| INVOKING Heroism.
  5375 | D:7      | 5375 ||| READING scroll of enchant weapon.
  5375 | D:7      | 5375 ||| ENCHANTING +3 shortbow.
  5412 | D:7      | 5412 ||| INVOKING Heroism.
  5927 | D:7      | 5927 ||| UPGRADING to +0 steam dragon scales.
  5937 | D:7      | 5937 ||| DROPPING +0 ring mail.
  5938 | D:7      | 5938 ||| DROPPING amulet of magic regeneration.
  5939 | D:7      | 5939 ||| READING scroll labelled GAWORUCWUOPS.
  5940 | D:7      | 5940 ||| READING scroll labelled DINITHIRITOT.
  5967 | D:8      | 5967 ||| INVOKING Heroism.
  5998 | D:8      | 5998 ||| SWAPPING to +0 orcbow.
  5999 | D:8      | 5999 ||| DROPPING +4 shortbow.
  6063 | D:8      | 6063 ||| INVOKING Heroism.
  6086 | D:8      | Noticed Joseph
  6089 | D:8      | 6089 ||| INVOKING Heroism.
  6093 | D:8      | 6093 ||| RETREATING.
  6102 | D:8      | 6102 ||| Stepping ~*~*~tactically~*~*~ (retreating).
  6109 | D:8      | HP: 14/57 [vampire mosquito (3)]
  6110 | D:8      | 6110 ||| READING 2 scrolls of teleportation.
  6112 | D:8      | 6112 ||| INVOKING Heroism.
  6114 | D:8      | Reached skill level 11 in Ranged Weapons
  6115 | D:8      | HP: 7/57 [Joseph/sling bullet (9)]
  6116 | D:8      | Killed Joseph
  6117 | D:8      | Reached XP level 10. HP: 8/64 MP: 10/13
  6367 | D:8      | 6367 ||| FLEEEEING.
  6368 | D:8      | 6368 ||| FLEEEEING.
  6369 | D:8      | 6369 ||| FLEEEEING.
  6370 | D:8      | 6370 ||| FLEEEEING.
  6371 | D:8      | 6371 ||| FLEEEEING.
  6372 | D:8      | 6372 ||| FLEEEEING.
  6373 | D:8      | 6373 ||| FLEEEEING.
  6374 | D:8      | 6374 ||| FLEEEEING.
  6377 | D:8      | 6377 ||| STAIRDANCE
  6582 | D:8      | 6582 ||| INVOKING Heroism.
  6821 | D:8      | 6821 ||| READING scroll labelled HEFRIAB SATZ.
  6864 | D:8      | 6864 ||| READING 2 scrolls of identify.
  6864 | D:8      | 6864 ||| IDENTIFYING fuming silvery potion
  6878 | D:9      | Found a shadowy altar of Dithmenos.
  6919 | D:9      | Found a staircase to the Lair.
  7037 | D:9      | 7037 ||| INVOKING Heroism.
  7039 | D:9      | Noticed Maurice
  7040 | D:9      | 7040 ||| RETREATING.
  7065 | D:9      | Killed Maurice
  7065 | D:9      | Reached *** piety under Okawaru
  7074 | D:9      | Reached skill level 12 in Ranged Weapons
  7110 | D:9      | 7110 ||| RETREATING.
  7126 | D:9      | Reached skill level 3 in Armour
  7134 | D:9      | 7134 ||| INVOKING Heroism.
  7223 | D:9      | 7223 ||| Stepping ~*~*~tactically~*~*~ (retreating).
  7224 | D:9      | 7224 ||| Stepping ~*~*~tactically~*~*~ (retreating).
  7225 | D:9      | 7225 ||| Stepping ~*~*~tactically~*~*~ (retreating).
  7227 | D:9      | 7227 ||| Stepping ~*~*~tactically~*~*~ (retreating).
  7228 | D:9      | 7228 ||| Stepping ~*~*~tactically~*~*~ (retreating).
  7236 | D:9      | 7236 ||| INVOKING Heroism.
  7521 | D:9      | Found a shimmering blue altar of Sif Muna.
  7535 | D:9      | 7535 ||| INVOKING Heroism.
  7564 | D:9      | 7564 ||| FLEEEEING.
  7565 | D:9      | 7565 ||| FLEEEEING.
  7568 | D:9      | 7568 ||| FLEEEEING.
  7574 | D:9      | 7574 ||| FLEEEEING.
  7577 | D:9      | 7577 ||| FLEEEEING.
  7579 | D:9      | 7579 ||| FLEEEEING.
  7580 | D:9      | 7580 ||| FLEEEEING.
  7581 | D:9      | 7581 ||| FLEEEEING.
  7582 | D:9      | 7582 ||| FLEEEEING.
  7583 | D:9      | 7583 ||| FLEEEEING.
  7584 | D:9      | 7584 ||| FLEEEEING.
  7585 | D:9      | 7585 ||| FLEEEEING.
  7589 | D:9      | 7589 ||| STAIRDANCE
  7634 | D:8      | 7634 ||| DROPPING scarf of harm.
  7635 | D:8      | 7635 ||| UPGRADING to +2 cloak of stealth.
  7640 | D:8      | 7640 ||| DROPPING ring of ice.
  7641 | D:8      | 7641 ||| UPGRADING to +5 ring of evasion.
  7670 | D:9      | Found an opulent altar of Gozag.
  7670 | D:9      | Found a basalt altar of Yredelemnul.
  7687 | D:9      | Noticed a manticore
  7688 | D:9      | 7688 ||| INVOKING Heroism.
  7697 | D:9      | Killed a manticore
  7724 | D:9      | Found a transporter.
  7729 | D:9      | Found a corrupted altar of Lugonu.
  7729 | D:9      | Noticed a green ugly thing
  7735 | D:9      | Noticed a purple ugly thing
  7735 | D:9      | Noticed a purple ugly thing
  7803 | D:9      | Found a transporter.
  7912 | D:9      | 7912 ||| PLANNING LAIR
  7959 | Lair:1   | Entered Level 1 of the Lair of Beasts
  7962 | Lair:1   | Reached skill level 13 in Ranged Weapons
  7962 | Lair:1   | Reached XP level 11. HP: 68/68 MP: 14/14
  7977 | Lair:1   | 7977 ||| Stepping ~*~*~tactically~*~*~ (retreating).
  7980 | Lair:1   | 7980 ||| Stepping ~*~*~tactically~*~*~ (retreating).
  7981 | Lair:1   | 7981 ||| Stepping ~*~*~tactically~*~*~ (retreating).
  7982 | Lair:1   | 7982 ||| Stepping ~*~*~tactically~*~*~ (retreating).
  7983 | Lair:1   | 7983 ||| Stepping ~*~*~tactically~*~*~ (retreating).
  7984 | Lair:1   | 7984 ||| Stepping ~*~*~tactically~*~*~ (retreating).
  7985 | Lair:1   | 7985 ||| Stepping ~*~*~tactically~*~*~ (retreating).
  7986 | Lair:1   | 7986 ||| Stepping ~*~*~tactically~*~*~ (retreating).
  8006 | Lair:1   | Reached skill level 9 in Fighting
  8148 | Lair:1   | 8148 ||| INVOKING Heroism.
  8169 | Lair:1   | Noticed a catoblepas
  8170 | Lair:1   | 8170 ||| INVOKING Heroism.
  8188 | Lair:1   | Killed a catoblepas
  8188 | Lair:1   | Reached **** piety under Okawaru
  8199 | Lair:1   | 8199 ||| INVOKING Heroism.
  8275 | Lair:1   | 8275 ||| SWAPPING to +0 hand cannon.
  8276 | Lair:1   | 8276 ||| DROPPING +0 orcbow.
  8448 | Lair:1   | 8448 ||| RETREATING.
  8449 | Lair:1   | 8449 ||| Stepping ~*~*~tactically~*~*~ (retreating).
  8450 | Lair:1   | 8450 ||| Stepping ~*~*~tactically~*~*~ (retreating).
  8771 | Lair:1   | 8771 ||| UPGRADING to +2 leather armour of fire resistance.
  8781 | Lair:1   | 8781 ||| READING scroll labelled GAZYIMU YNWI.
  8882 | Lair:1   | 8882 ||| READING scroll labelled AFOECI POEPP.
  8883 | Lair:1   | 8883 ||| DRINKING 2 fizzy yellow potions.
  8929 | Lair:1   | 8929 ||| DROPPING potion of lignification.
  8960 | Lair:2   | 8960 ||| RETREATING.
  8963 | Lair:2   | 8963 ||| Stepping ~*~*~tactically~*~*~ (retreating).
  8964 | Lair:2   | 8964 ||| Stepping ~*~*~tactically~*~*~ (retreating).
  8965 | Lair:2   | 8965 ||| Stepping ~*~*~tactically~*~*~ (retreating).
  8966 | Lair:2   | 8966 ||| Stepping ~*~*~tactically~*~*~ (retreating).
  8976 | Lair:2   | 8976 ||| INVOKING Heroism.
  9037 | Lair:2   | 9037 ||| RETREATING.
  9045 | Lair:2   | 9045 ||| FLEEEEING.
  9046 | Lair:2   | 9046 ||| FLEEEEING.
  9050 | Lair:2   | 9050 ||| Stepping ~*~*~tactically~*~*~ (retreating).
  9051 | Lair:2   | 9051 ||| Stepping ~*~*~tactically~*~*~ (retreating).
  9052 | Lair:2   | 9052 ||| Stepping ~*~*~tactically~*~*~ (retreating).
  9062 | Lair:2   | Reached skill level 14 in Ranged Weapons
  9120 | Lair:2   | 9120 ||| RETREATING.
  9132 | Lair:2   | Reached skill level 6 in Invocations
  9134 | Lair:2   | Reached ***** piety under Okawaru
  9154 | Lair:2   | 9154 ||| INVOKING Heroism.
  9296 | Lair:2   | Noticed a moth of wrath
  9299 | Lair:2   | Found a transporter.
  9304 | Lair:2   | Noticed a moth of wrath
  9310 | Lair:2   | Noticed qw's ghost (journeyman GrHu)
  9352 | Lair:2   | 9352 ||| INVOKING Heroism.
  9357 | Lair:2   | Reached XP level 12. HP: 77/77 MP: 14/17
  9516 | Lair:2   | Found a staircase to the Swamp.
  9673 | Lair:2   | Found a transporter.
  9717 | Lair:2   | Found a bloodstained altar of Trog.
  9998 | Lair:3   | 9998 ||| INVOKING Heroism.
 10127 | Lair:3   | 10127 ||| RETREATING.
 10134 | Lair:3   | 10134 ||| Stepping ~*~*~tactically~*~*~ (retreating).
 10135 | Lair:3   | 10135 ||| Stepping ~*~*~tactically~*~*~ (retreating).
 10143 | Lair:3   | 10143 ||| Stepping ~*~*~tactically~*~*~ (retreating).
 10144 | Lair:3   | 10144 ||| Stepping ~*~*~tactically~*~*~ (retreating).
 10145 | Lair:3   | 10145 ||| Stepping ~*~*~tactically~*~*~ (retreating).
 10168 | Lair:3   | 10168 ||| INVOKING Heroism.
 10170 | Lair:3   | Reached skill level 6 in Dodging
 10330 | Lair:3   | 10330 ||| RETREATING.
 10332 | Lair:3   | 10332 ||| INVOKING Heroism.
 10341 | Lair:3   | 10341 ||| Stepping ~*~*~tactically~*~*~ (retreating).
 10342 | Lair:3   | 10342 ||| Stepping ~*~*~tactically~*~*~ (retreating).
 10343 | Lair:3   | 10343 ||| Stepping ~*~*~tactically~*~*~ (retreating).
 10344 | Lair:3   | 10344 ||| Stepping ~*~*~tactically~*~*~ (retreating).
 10345 | Lair:3   | 10345 ||| Stepping ~*~*~tactically~*~*~ (retreating).
 10346 | Lair:3   | 10346 ||| Stepping ~*~*~tactically~*~*~ (retreating).
 10356 | Lair:3   | 10356 ||| INVOKING Heroism.
 10561 | Lair:3   | Found a staircase to the Snake Pit.
 10568 | Lair:3   | Reached skill level 9 in Invocations
 10715 | Lair:3   | Noticed a skyshark
 10723 | Lair:3   | Killed a skyshark
 11104 | Lair:3   | 11104 ||| DROPPING ring of protection from cold.
 11105 | Lair:3   | 11105 ||| DRINKING 2 viscous golden potions.
 11106 | Lair:3   | 11106 ||| DRINKING 4 potions of curing.
 11106 | Lair:3   | 11106 ||| (to cure confusion)
 11107 | Lair:3   | 11107 ||| READING 3 scrolls of identify.
 11107 | Lair:3   | 11107 ||| IDENTIFYING black potion
 11108 | Lair:3   | 11108 ||| READING 2 scrolls of identify.
 11108 | Lair:3   | 11108 ||| IDENTIFYING smoky yellow potion
 11109 | Lair:3   | 11109 ||| DROPPING potion of attraction.
 11110 | Lair:3   | 11110 ||| DROPPING potion of ambrosia.
 11163 | Lair:4   | 11163 ||| STAIRDANCE
 11198 | Lair:4   | 11198 ||| STAIRDANCE
 11274 | Lair:4   | Noticed a skyshark
 11281 | Lair:4   | Killed a skyshark
 11407 | Lair:4   | Noticed a catoblepas
 11409 | Lair:4   | 11409 ||| INVOKING Heroism.
 11410 | Lair:4   | 11410 ||| INVOKING Finesse.
 11422 | Lair:4   | Killed a catoblepas
 11455 | Lair:4   | 11455 ||| INVOKING Heroism.
 11478 | Lair:4   | 11478 ||| RETREATING.
 11481 | Lair:4   | 11481 ||| Stepping ~*~*~tactically~*~*~ (retreating).
 11482 | Lair:4   | 11482 ||| Stepping ~*~*~tactically~*~*~ (retreating).
 11487 | Lair:4   | Reached skill level 15 in Ranged Weapons
 11793 | Lair:4   | Found a staircase to the Slime Pits.
 12138 | Lair:5   | Entered Level 5 of the Lair of Beasts
 12138 | Lair:5   | Noticed a five-headed hydra
 12139 | Lair:5   | 12139 ||| INVOKING Heroism.
 12140 | Lair:5   | 12140 ||| STAIRDANCE
 12153 | Lair:5   | 12153 ||| STAIRDANCE
 12155 | Lair:4   | 12155 ||| Stepping ~*~*~tactically~*~*~ (retreating).
 12156 | Lair:4   | 12156 ||| Stepping ~*~*~tactically~*~*~ (retreating).
 12157 | Lair:4   | 12157 ||| Stepping ~*~*~tactically~*~*~ (retreating).
 12159 | Lair:4   | 12159 ||| Stepping ~*~*~tactically~*~*~ (retreating).
 12161 | Lair:4   | Received a gift from Okawaru
 12163 | Lair:4   | Killed a five-headed hydra
 12164 | Lair:4   | Reached XP level 13. HP: 54/82 MP: 20/20
 12258 | Lair:5   | 12258 ||| INVOKING Heroism.
 12259 | Lair:5   | 12259 ||| STAIRDANCE
 12325 | Lair:5   | 12325 ||| RETREATING.
 12332 | Lair:5   | Reached skill level 16 in Ranged Weapons
 12338 | Lair:5   | 12338 ||| INVOKING Heroism.
 12462 | Lair:5   | 12462 ||| INVOKING Heroism.
 12552 | Lair:5   | 12552 ||| RETREATING.
 12562 | Lair:5   | 12562 ||| RETREATING.
 12567 | Lair:5   | 12567 ||| Stepping ~*~*~tactically~*~*~ (retreating).
 12570 | Lair:5   | 12570 ||| INVOKING Heroism.
 12655 | Lair:5   | 12655 ||| INVOKING Heroism.
 12659 | Lair:5   | 12659 ||| INVOKING Finesse.
 12661 | Lair:5   | 12661 ||| RETREATING.
 12690 | Lair:5   | 12690 ||| INVOKING Heroism.
 12753 | Lair:5   | 12753 ||| INVOKING Heroism.
 12873 | Lair:5   | 12873 ||| INVOKING Heroism.
 13022 | Lair:5   | 13022 ||| RETREATING.
 13026 | Lair:5   | 13026 ||| RETREATING.
 13030 | Lair:5   | 13030 ||| RETREATING.
 13031 | Lair:5   | 13031 ||| INVOKING Heroism.
 13032 | Lair:5   | 13032 ||| Stepping ~*~*~tactically~*~*~ (retreating).
 13037 | Lair:5   | 13037 ||| Stepping ~*~*~tactically~*~*~ (retreating).
 13039 | Lair:5   | 13039 ||| Stepping ~*~*~tactically~*~*~ (retreating).
 13040 | Lair:5   | 13040 ||| Stepping ~*~*~tactically~*~*~ (retreating).
 13064 | Lair:5   | 13064 ||| INVOKING Heroism.
 13201 | Lair:5   | 13201 ||| INVOKING Heroism.
 13202 | Lair:5   | 13202 ||| RETREATING.
 13213 | Lair:5   | Reached skill level 17 in Ranged Weapons
 13295 | Lair:5   | 13295 ||| INVOKING Heroism.
 13301 | Lair:5   | 13301 ||| RETREATING.
 13319 | Lair:5   | 13319 ||| Stepping ~*~*~tactically~*~*~ (retreating).
 13323 | Lair:5   | 13323 ||| Stepping ~*~*~tactically~*~*~ (retreating).
 13324 | Lair:5   | HP: 17/84 [smoke demon/divine providence (13)]
 13325 | Lair:5   | 13325 ||| READING scroll of teleportation.
 13326 | Lair:5   | 13326 ||| DRINKING 3 potions of heal wounds.
 13475 | Lair:5   | 13475 ||| INVOKING Heroism.
 13515 | Lair:5   | 13515 ||| RETREATING.
 13519 | Lair:5   | 13519 ||| Stepping ~*~*~tactically~*~*~ (retreating).
 13520 | Lair:5   | 13520 ||| Stepping ~*~*~tactically~*~*~ (retreating).
 13521 | Lair:5   | 13521 ||| Stepping ~*~*~tactically~*~*~ (retreating).
 13522 | Lair:5   | 13522 ||| Stepping ~*~*~tactically~*~*~ (retreating).
 13523 | Lair:5   | 13523 ||| Stepping ~*~*~tactically~*~*~ (retreating).
 13524 | Lair:5   | 13524 ||| Stepping ~*~*~tactically~*~*~ (retreating).
 13525 | Lair:5   | 13525 ||| Stepping ~*~*~tactically~*~*~ (retreating).
 13526 | Lair:5   | 13526 ||| INVOKING Heroism.
 13542 | Lair:5   | 13542 ||| INVOKING Heroism.
 13818 | Lair:5   | 13818 ||| RETREATING.
 13820 | Lair:5   | 13820 ||| INVOKING Heroism.
 13841 | Lair:5   | Gained mutation: Your large and strong wings let you fly.
                  | [Gargoyle growth]
 13841 | Lair:5   | Reached XP level 14. HP: 63/90 MP: 21/21
 13844 | Lair:5   | Received a gift from Okawaru
 13849 | Lair:5   | Reached skill level 18 in Ranged Weapons
 13851 | Lair:5   | HP: 3/90 [ynoxinul/entropic shot (27)]
 13852 | Lair:5   | 13852 ||| DRINKING 2 potions of heal wounds.
 13890 | Lair:5   | 13890 ||| INVOKING Heroism.
 13900 | Lair:5   | 13900 ||| FLEEEEING.
 13996 | Lair:5   | 13996 ||| FLEEEEING.
 13997 | Lair:5   | 13997 ||| FLEEEEING.
 14078 | Lair:5   | 14078 ||| RETREATING.
 14079 | Lair:5   | 14079 ||| INVOKING Heroism.
 14109 | Lair:5   | Reached skill level 12 in Fighting
 14206 | Lair:5   | Found a corrupted altar of Lugonu.
 14206 | Lair:5   | Found a one-way gate to the infinite horrors of the Abyss.
 14214 | Lair:5   | Identified the amulet "Ecaketir" {RegenMP Rampage}
 14346 | Lair:5   | 14346 ||| PLANNING D:1-11
 14346 | Lair:5   | 14346 ||| DROPPING +0 steam dragon scales.
 14347 | Lair:5   | 14347 ||| DROPPING scarf of shadows.
 14348 | Lair:5   | 14348 ||| DROPPING amulet "Ecaketir" {RegenMP Rampage}.
 14349 | Lair:5   | 14349 ||| DROPPING ring of positive energy.
 14457 | D:10     | Entered Level 10 of the Dungeon
 15040 | D:10     | 15040 ||| DROPPING +3 leather armour.
 15059 | D:11     | 15059 ||| STAIRDANCE
 15159 | D:11     | 15159 ||| STAIRDANCE
 15169 | D:11     | 15169 ||| STAIRDANCE
 15178 | D:11     | 15178 ||| STAIRDANCE
 15418 | D:11     | 15418 ||| FLEEEEING.
 15419 | D:11     | 15419 ||| FLEEEEING.
 15743 | D:11     | Found a staircase to the Orcish Mines.
 15853 | D:11     | 15853 ||| INVOKING Heroism.
 15859 | D:11     | HP: 23/92 [hell knight/bolt of fire (7)]
 15860 | D:11     | 15860 ||| READING 2 scrolls of teleportation.
 15861 | D:11     | 15861 ||| DRINKING 2 potions of heal wounds.
 15919 | D:11     | 15919 ||| INVOKING Heroism.
 16091 | D:11     | Found a runed translucent door.
 16091 | D:11     | Noticed qw's ghost (journeyman GrHu)
 16353 | D:11     | 16353 ||| PLANNING D
 16368 | D:12     | 16368 ||| RETREATING.
 16369 | D:12     | 16369 ||| Stepping ~*~*~tactically~*~*~ (retreating).
 16370 | D:12     | 16370 ||| Stepping ~*~*~tactically~*~*~ (retreating).
 16373 | D:12     | Noticed Rupert
 16374 | D:12     | 16374 ||| INVOKING Heroism.
 16383 | D:12     | HP: 18/92 [sun demon[a kobold demonologist] (8)]
 16383 | D:12     | HP: 8/92 [smoke demon/divine providence[a kobold
                  | demonologist] (10)]
 16384 | D:12     | 16384 ||| READING scroll of teleportation.
 16384 | D:12     | Annihilated by Rupert

Levels and vault maps discovered:
D:1:      onia_arrival_pentagram, layout_loops_cross
D:2:      layout_loops_ring, hangedman_glass_teeth,
          minmay_misc_feat_secret_circle, grunt_ministairs_15
D:3:      layout_rooms, minitemple, serial_shops, shop
D:4:      layout_rooms
D:5:      layout_loops_corners, serial_shops, shop
D:6:      layout_basic, hellmonk_ghost_happy_afterlife, reono_crystal_passage,
          kennysheep_generic_room_13
D:7:      layout_layer_cave, minmay_temple_entry_statues_pillars, serial_bayou,
          serial_bayou_pond_c, serial_bayou_pond_b, serial_bayou_pond_e,
          serial_bayou_lagoon_a, serial_bayou_pond_b, serial_bayou_crossing
D:8:      layout_rooms, minmay_mini_ossuary, uniq_joseph
D:9:      gammafunk_corrupted_shrine, layout_loops_cross,
          mainiacjoe_overflow_small_starburst, nicolae_overflow_two_pavilions,
          nicolae_dithmenos_shadow_blocks, uniq_maurice
D:10:     layout_rooms, water_boxes_lemuel
D:11:     layout_basic, hiddenorc1_lemuel, gammafunk_ghost_grave,
          minmay_rotating_lava
D:12:     layout_cave_pools, uniq_rupert
Lair:1:   layout_gridlike, infiniplex_staircase_pool_2
Lair:2:   layout_regular_city, swamp_mist_pool,
          gammafunk_ghost_wrathful_warriors, st_stairs_10
Lair:3:   layout_chaotic_city, minmay_snake_entry_spellcaster
Lair:4:   layout_regular_city, slime_entry_1, minmay_lair_drake_nest,
          lemuel_fruit_tree
Lair:5:   hellmonk_lair_end_abyssal_woods, layout_regular_city

Skill      XL: |  1  2  3  4  5  6  7  8  9 10 11 12 13 14 |
---------------+-------------------------------------------+-----
Armour         | 1 2 3 4 |  4.1
Ranged Weapons | 5 6 7 8 9 11 13 14 15 17 18 | 18.2
Fighting       | 3 4 5 6 8 10 11 12 | 12.0
Dodging        | 2 4 5 6 7 8 |  8.0
Invocations    | 4 7 10 | 10.0
Stealth        | |  1.1

Action                     |  1- 3 |  4- 6 |  7- 9 | 10-12 | 13-15 || total
---------------------------+-------+-------+-------+-------+-------++-------
   Fire: Shortbow          |    84 |   138 |   303 |       |       ||   525
         Orcbow            |       |       |    35 |   331 |       ||   366
         Hand cannon       |       |       |       |   309 |   549 ||   858
 Invoke: Heroism           |       |       |    15 |    19 |    21 ||    55
         Finesse           |       |       |       |     1 |     1 ||     2
    Use: Scroll            |     2 |     7 |    12 |     6 |     3 ||    30
         Potion            |     1 |     5 |       |     3 |     3 ||    12
 Armour: Leather armour    |    12 |       |       |   122 |   194 ||   328
         Ring mail         |     5 |    52 |    73 |       |       ||   130
         Steam dragon scal |       |       |    12 |    78 |       ||    90
  Dodge: Dodged            |    11 |    50 |    90 |   434 |   560 ||  1145

Table legend:
 A = Non-vault XP
 B = Vault XP
 C = Vault XP percentage of total XP
 D = Non-vault monster count
 E = Vault monster count
 F = Vault count percentage of total count
                 A         B        C        D         E       F
            +---------+---------+-------+---------+---------+-------
      Total |   49604 |   18611 |  27.3 |     344 |      91 |  20.9
            +---------+---------+-------+---------+---------+-------
        D:1 |      17 |       0 |   0.0 |      12 |       0 |   0.0
        D:2 |     149 |       3 |   2.0 |      28 |       2 |   6.7
        D:3 |     290 |       0 |   0.0 |      19 |       0 |   0.0
        D:4 |      98 |       0 |   0.0 |       6 |       0 |   0.0
        D:5 |     480 |       0 |   0.0 |      12 |       0 |   0.0
        D:6 |    1204 |      16 |   1.3 |      28 |       2 |   6.7
        D:7 |    1041 |     397 |  27.6 |      26 |       7 |  21.2
        D:8 |    1483 |     445 |  23.1 |      22 |       6 |  21.4
        D:9 |    3026 |     449 |  12.9 |      32 |       1 |   3.0
       D:10 |    3213 |       0 |   0.0 |      28 |       0 |   0.0
       D:11 |    1671 |    2341 |  58.3 |       4 |      23 |  85.2
       D:12 |     531 |       0 |   0.0 |       3 |       0 |   0.0
     Lair:1 |    4418 |       0 |   0.0 |      23 |       0 |   0.0
     Lair:2 |    4401 |     618 |  12.3 |      14 |       3 |  17.6
     Lair:3 |    6239 |     457 |   6.8 |      30 |       1 |   3.2
     Lair:4 |    4968 |    2193 |  30.6 |      11 |       6 |  35.3
     Lair:5 |   16375 |   11692 |  41.7 |      46 |      40 |  46.5
            +---------+---------+-------+---------+---------+-------
